 Dungeon Crawl Stone Soup version 0.32-a0-814-g0968bab981 (webtiles) character file.

Game seed: 11571213783613261474

2669 Cheivey the Cleaver (level 9, -2/79 HPs)
             Began as a Minotaur Fighter on Mar 22, 2024.
             Was an Initiate of Gozag.
             Hit by a javelin thrown by a centaur (3 damage)
             ... in a bailey.
             The game lasted 00:12:00 (6154 turns).

Cheivey the Cleaver (Minotaur Fighter)              Turns: 6154, Time: 00:12:01

Health: -2/79      AC: 10    Str: 26    XL:     9   Next: 37%
Magic:  8/8        EV:  8    Int:  5    God:    Gozag
Gold:   1425       SH: 10    Dex:  9    Spells: 8/8 levels left

rFire   . . .        f - +3 spear (venom)
rCold   . . .        c - +0 buckler
rNeg    . . .        b - +0 scale mail
rPois   +            s - +0 hat
rElec   .            n - +1 cloak
rCorr   .            (no gloves)
SInv    .            (no boots)
Will    .....        h - amulet of reflection Stlth
                     p - ring of poison resistance
HPRegen 0.33/turn    (no ring)
MPRegen 0.11/turn

%: reflection
@: gold aura
A: horns 2, retaliatory headbutt
a: Renounce Religion, Potion Petition, Call Merchant, Bribe Branch


You were in a bailey.
You worshipped Gozag.
Gozag was most pleased with you.
You visited 1 branch of the dungeon, and saw 7 of its levels.
You also visited: Sewer and Bailey.

You collected 1425 gold pieces.

Inventory:

Hand Weapons
 a - a +0 war axe of protection
 f - a +3 spear of venom (weapon)
Missiles
 e - a curare-tipped dart (quivered)
Armour
 b - a +0 scale mail (worn)
 c - a +0 buckler (worn)
 d - a +0 chain mail
 n - a +1 cloak (worn)
 s - a +0 hat (worn)
Jewellery
 h - an amulet of reflection (around neck)
 p - a ring of poison resistance (left hand)
 t - a ring of flight
 w - a ring of see invisible
Wands
 o - a wand of paralysis (10)
 v - a wand of polymorph (11)
Scrolls
 q - a scroll of amnesia
Potions
 g - a potion of cancellation
 r - a potion of brilliance


   Skills:
 + Level 7.5 Fighting
 + Level 10.6 Axes
 + Level 7.5 Armour
 + Level 7.5 Shields


You had 8 spell levels left.
You didn't know any spells.
Your spell library contained the following spells:

 Spells                   Type           Power      Damage    Failure   Level
 Foxfire                  Conj/Fire      0%         2x1d4     78%         1
 Freeze                   Ice            0%         1d3       78%         1
 Kiss of Death            Conj/Necr      0%         2d5       78%         1
 Confusing Touch          Hex            0%         N/A       98%         3
 Frozen Ramparts          Ice            0%         1d1       98%         3
 Fugue of the Fallen      Necr           0%         N/A       98%         3
 Hailstorm                Conj/Ice       0%         3d5       98%         3
 Ozocubu's Armour         Ice            0%         N/A       98%         3
 Dispel Undead            Necr           0%         3d6       100%        4
 Manifold Assault         Tloc           0%         N/A       100%        4
 Martyr's Knell           Necr/Summ      0%         N/A       100%        4
 Plasma Beam              Fire/Air       0%         2x1d10    100%        6
 Starburst                Conj/Fire      0%         6d3       100%        6
 Infestation              Necr           0%         N/A       100%        8


Dungeon Overview and Level Annotations

Branches:
Dungeon (7/15) Zot: 26941  Temple (0/1) D:7           Sewer (visited)
 Bailey (1/1) Zot: 5025

Altars:
Ashenzari
Dithmenos
Gozag
Kikubaaqudgha
Qazlal
Trog
Uskayaw
Yredelemnul
Zin

Annotations:
D:5 1 runed translucent door, Crazy Yiuf


Innate Abilities, Weirdness & Mutations

You have a pair of horns on your head.
You reflexively headbutt those who attack you in melee.


Message History

The centaur closely misses you. You block the centaur's attack.
The centaur is distracted by your dazzling golden aura.
You block the orc warrior's attack. The centaur closely misses you.
You furiously retaliate!
You headbutt the centaur! The centaur kicks you.
* * * LOW HITPOINT WARNING * * *
The centaur shouts!
You puncture the centaur!
You kill the centaur!
The centaur is distracted by your dazzling golden aura.
The orc warrior hits you with a +0 halberd.
* * * LOW HITPOINT WARNING * * *
The orc is distracted by your dazzling golden aura.
The centaur shouts!
The orc shouts!
You hit the orc warrior.
The orc warrior is poisoned.
The orc warrior is lightly wounded.
Unknown command.
The centaur is no longer distracted by gold.
The orc warrior hits you but does no damage.
You block the orc warrior's attack.
Unknown command.
You puncture the orc warrior!
The orc warrior looks as sick as possible!
The orc warrior is heavily wounded.
You block the orc warrior's attack.
The centaur throws a javelin.
The javelin pierces through you.
* * * LOW HITPOINT WARNING * * *
You block the orc warrior's attack.
You completely miss the orc warrior.
The orc warrior is heavily wounded.
The centaur is no longer distracted by gold.
The orc warrior hits you but does no damage.
Unknown command.
You puncture the orc warrior!
The orc warrior is severely wounded.
The orc is no longer distracted by gold.
The orc warrior hits you with a +0 halberd!
* * * LOW HITPOINT WARNING * * *
The centaur throws a javelin.
The javelin pierces through you.
You die...
Your body crumbles into a pile of gold.

≈≈.≈≈.⌠....,,,,,⌠,~~,~~~*
≈≈.≈...............≈.≈≈≈*
≈c≈≈....≈≈≈≈≈≈≈....≈≈.≈≈*
###...≈≈≈~~~~~≈≈≈...≈.≈≈*
)....≈≈≈~≈≈≈≈≈~~≈≈c.≈.≈≈*
.....≈≈≈~~:}?≈≈≈~~....≈≈*
..)..≈≈≈~≈≈≈≈≈~~≈≈..≈.≈≈*
###...≈≈≈~~~~~≈≈≈o..≈.≈≈*
≈.≈≈....≈≈≈≈≈≈≈o@..≈≈.≈≈*
≈≈c≈...........$$..≈.≈≈≈*
≈≈.≈≈.⌠.........⌠.≈≈.≈≈≈*
≈≈≈.≈.....$.......≈.≈≈≈≈*
≈≈≈.≈≈≈.........≈≈≈.≈≈≈≈*
≈≈≈≈..≈≈≈.....≈≈≈c.≈≈≈≈≈*
≈≈≈≈≈≈..≈≈≈≈≈≈≈..≈≈≈≈≈≈≈*
≈≈≈≈≈≈≈≈......o≈≈≈≈≈≈≈≈#*
#≈≈≈≈≈≈≈≈≈≈≈≈≈≈≈≈≈≈≈≈≈#*


You could see 2 orc warriors, 2 centaurs and an orc.

Vanquished Creatures
  8 orc warriors (Bailey)
  2 black bears (D:6)
  2 ogres
  4 centaurs (Bailey)
  3 kobold brigands
  A bullfrog (D:6)
  2 scorpions (D:6)
  3 wights (D:7)
  A howler monkey (D:6)
  2 jellies
  A quasit (Sewer)
  7 hounds
  A sleepcap (D:4)
  An iguana (D:4)
  4 gnolls (D:2)
  9 adders
  2 shadow imps (Sewer)
  2 white imps (D:6)
  4 ufetubi
  An adder zombie (Sewer)
  7 ribbon worms
  2 dart slugs
  24 orcs
  6 endoplasms
  4 giant cockroaches
  10 hobgoblins
  4 jackals (D:1)
  29 kobolds
  4 quokkas
  9 ball pythons
  8 bats
  4 frilled lizards
  8 goblins
  A kobold zombie (Sewer)
  4 rats
184 creatures vanquished.

Notes
Turn   | Place    | Note
-------+----------+-------------------------------------------
     0 | D:1      | Cheivey the Minotaur Fighter began the quest for the Orb.
     0 | D:1      | Reached XP level 1. HP: 19/19 MP: 0/0
    52 | D:1      | Found a faded altar of an unknown god.
    94 | D:1      | Prayed at the altar of an unknown god.
    94 | D:1      | Became a worshipper of Gozag Ym Sagoz the Greedy
   137 | D:1      | Reached XP level 2. HP: 27/27 MP: 1/1
   367 | D:1      | Reached skill level 3 in Axes
   634 | D:1      | Reached XP level 3. HP: 33/33 MP: 2/2
   883 | D:2      | Reached skill level 4 in Axes
  1105 | D:2      | Reached XP level 4. HP: 32/40 MP: 3/3
  1151 | D:2      | Reached skill level 5 in Axes
  1275 | D:2      | Found a bloodstained altar of Trog.
  1850 | D:3      | Reached XP level 5. HP: 35/46 MP: 4/4
  1971 | D:3      | Reached skill level 6 in Axes
  2085 | D:3      | You fall into a shaft and drop 2 floors!
  2085 | D:5      | Entered Level 5 of the Dungeon
  2085 | D:5      | Found a glowing drain.
  2098 | Sewer    | Entered a sewer
  2241 | Sewer    | Found a burning altar of Makhleb.
  2258 | Sewer    | Reached skill level 7 in Axes
  2364 | Sewer    | Reached XP level 6. HP: 45/52 MP: 5/5
  2449 | Sewer    | Reached skill level 8 in Axes
  2688 | D:4      | Found a basalt altar of Yredelemnul.
  3171 | D:4      | Found a hide-covered altar of Uskayaw.
  3171 | D:4      | Found a glowing silver altar of Zin.
  3180 | D:4      | Found a shadowy altar of Dithmenos.
  3183 | D:4      | Found an ancient bone altar of Kikubaaqudgha.
  3185 | D:4      | Found a broken altar of Ashenzari.
  3537 | D:5      | Reached XP level 7. HP: 52/59 MP: 6/6
  3815 | D:5      | Found a runed translucent door.
  3816 | D:5      | Noticed Crazy Yiuf
  3995 | D:6      | Reached skill level 9 in Axes
  4112 | D:6      | Reached skill level 5 in Fighting
  4112 | D:6      | Reached skill level 5 in Shields
  4143 | D:6      | Reached skill level 5 in Armour
  4217 | D:6      | Reached XP level 8. HP: 66/68 MP: 7/7
  4474 | D:6      | Got the Spellbook of the Morbid Icicle
  4536 | D:6      | Found a stormy altar of Qazlal.
  5089 | D:7      | Found a staircase to the Ecumenical Temple.
  5154 | D:7      | Found a flagged portal.
  5161 | Bailey   | Entered a bailey
  5699 | Bailey   | Reached skill level 10 in Axes
  5890 | Bailey   | Reached XP level 9. HP: 70/78 MP: 8/8
  6154 | Bailey   | HP: 1/79 [orc warrior/+0 halberd (8)]
  6154 | Bailey   | Hit by a javelin thrown by a centaur

Illustrated notes

Levels and vault maps discovered:
D:1:      roderic_crop_circles_arrival_small, layout_basic,
          dreamdust_ecumenical_altar_grove
D:2:      layout_loops_ring, basic_altar, kennysheep_flooded_box,
          nrook_mini_vaults
D:3:      layout_loops_ring, uniq_jessica, uniq_natasha
D:4:      layout_loops_ring, lemuel_coloured_pillars_altar,
          chequers_temple_overflow_minitemple
D:5:      layout_gridville, cheibrodos_sewer_entry_bend,
          minmay_misc_feat_pillars, uniq_crazy_yiuf_cottage
D:6:      layout_basic, mainiacjoe_overflow_six_doors_small
D:7:      layout_cave_pools, minmay_temple_entry_hall, enter_bailey_4
Bailey:   bailey_polearm_flooded_kennysheep, bailey

Skill      XL: |  1  2  3  4  5  6  7  8  9 |
---------------+----------------------------+-----
Axes           | 3 4 5 7 8 9 10 | 10.6
Fighting       | 4 5 6 7 |  7.5
Shields        | 4 5 6 7 |  7.5
Armour         | 4 5 6 7 |  7.5

Action                     |  1- 3 |  4- 6 |  7- 9 || total
---------------------------+-------+-------+-------++-------
  Melee: War axe           |    22 |       |       ||    22
         Headbutt          |    19 |    31 |    39 ||    89
         Spear             |    65 |   229 |   222 ||   516
  Throw: Dart              |       |       |     1 ||     1
  Evoke: Wand              |       |       |     1 ||     1
    Use: Potion            |       |     7 |    12 ||    19
         Scroll            |       |    10 |     3 ||    13
   Stab: Distracted        |     1 |       |     1 ||     2
         Invisible         |       |       |     3 ||     3
 Armour: Scale mail        |    39 |   139 |   124 ||   302
  Dodge: Dodged            |    24 |    57 |    85 ||   166
  Block: Buckler           |    13 |    42 |   107 ||   162
         Reflection        |       |       |     3 ||     3

Table legend: (Time is in decaauts)
 A = Elapsed time spent in this place.
 B = Non-inter-level travel time spent in this place.
 C = Inter-level travel time spent in this place.
 D = Time resting spent in this place.
 E = Time spent auto-exploring this place.
 F = Levels seen in this place.
 G = Mean time per level.
                   A        B        C        D        E       F      G
               +--------+--------+--------+--------+--------+-----+--------+
         Total |   6099 |   5871 |    228 |    946 |   3618 |   9 |  677.7 |
       Dungeon |   4706 |   4478 |    228 |    375 |   3231 |   7 |  672.3 |
         Sewer |    419 |    419 |      0 |      0 |    253 |   1 |  419.0 |
        Bailey |    974 |    974 |      0 |    571 |    134 |   1 |  974.0 |
               +--------+--------+--------+--------+--------+-----+--------+

Top non-repeatable levels by time:
     D:6: 1072 daAuts
  Bailey: 974 daAuts
     D:4: 835 daAuts
     D:1: 835 daAuts
     D:2: 809 daAuts
     D:5: 638 daAuts
     D:3: 456 daAuts
   Sewer: 419 daAuts
     D:7: 58 daAuts
